 Dungeon Crawl Stone Soup version 0.16.1-4-g8e1b745 (webtiles) character file.

354 karlm the Chopper (level 6, -6/57 HPs)
             Began as a Naga Gladiator on Mar 26, 2015.
             Mangled by Fluffy's ghost (15 damage)
             ... on level 3 of the Dungeon.
             The game lasted 00:08:56 (4424 turns).

karlm the Chopper (Naga Gladiator)                  Turns: 4424, Time: 00:08:57

Health: -6/57      AC:  7    Str: 17    XL:     6   Next: 63%
Magic:  6/6        EV:  6    Int:  9    God:
Gold:   213        SH:  0    Dex: 13    Spells: 0 memorised, 5 levels left

rFire  . . .     SeeInvis +     a - +0 war axe
rCold  + . .     Clarity  +     s - +0 chain mail
rNeg   . . .     SustAb   .     (no shield)
rPois  +         Gourm    .     c - +0 helmet
rElec  .         Spirit   .     (no cloak)
rCorr  .         Warding  .     (no gloves)
rMut   .         Stasis   .     (no barding)
MR     .....                    w - amulet of clarity
Stlth  ..........               h - ring of ice
                                B - ring of protection from fire

@: very slow, not resistant to hostile enchantments, extremely unstealthy
A: spit poison, see invisible, deformed body, poison resistance, slowness 2, AC
+2
a: Spit Poison


You were on level 3 of the Dungeon.
You were hungry.

You visited 1 branch of the dungeon, and saw 4 of its levels.

You collected 213 gold pieces.

Inventory:

Hand weapons
 a - a +0 war axe (weapon)
Missiles
 d - 3 throwing nets
 g - 12 stones (quivered)
 j - 57 poisoned needles
 l - 49 sling bullets
Armour
 c - a +0 helmet (worn)
 s - a +0 chain mail (worn)
 x - a +0 plate armour
Jewellery
 h - a ring of ice (right hand)
 i - an uncursed ring of magical power
 w - an amulet of clarity (around neck)
 B - a ring of protection from fire (left hand)
Scrolls
 e - a scroll of enchant armour {unknown}
 p - 5 scrolls of identify
 u - a scroll of recharging
 v - a scroll of blinking
 y - a scroll of amnesia {unknown}
Potions
 b - a potion of flight {unknown}
 m - 3 potions of restore abilities {unknown}
 o - a potion of ambrosia {unknown}
 q - a potion of experience {unknown}
 r - a potion of might {unknown}
 t - a potion of mutation {unknown}
 A - a potion of heal wounds {unknown}
Comestibles
 f - 5 bread rations
 n - 2 beef jerkies
 z - a meat ration


   Skills:
 * Level 3.9 Fighting
 * Level 4.7 Axes
 - Level 1.7 Throwing
 + Level 2.2 Armour
 + Level 3.0 Dodging
 - Level 2.5 Stealth


You had 5 spell levels left.
You didn't know any spells.

Dungeon Overview and Level Annotations

Branches:
Dungeon (4/15)
 Temple: D:4-7

Altars:
Kikubaaqudgha
Yredelemnul

Annotations:
D:3 Fluffy's ghost, average HOFi
D:4 graspee's ghost, average KoHu


Innate Abilities, Weirdness & Mutations

You cannot wear boots.
You can spit poison.
Your serpentine skin is tough (AC +2).
You have supernaturally acute eyesight.
Armour fits poorly on your strangely shaped body.
Your system is resistant to poisons.
You cover ground very slowly.


Message History

You hit the jackal.
The jackal is moderately wounded.
The jackal bites you but does no damage. x2
Your chain mail prevents you from hitting the jackal.
The jackal is moderately wounded.
The jackal barely misses you.
The jackal bites you but does no damage.
You barely miss the jackal.
The jackal is moderately wounded.
The jackal bites you but does no damage.
You closely miss the jackal.
The jackal is moderately wounded.
The jackal bites you but does no damage. x2
You hit the jackal!
You kill the jackal!
Fluffy's ghost turns its malevolent gaze towards you.
Fluffy's ghost hits you!
* * * LOW HITPOINT WARNING * * *
Fluffy's ghost hits you!
You die...

....########.###.B.####..###
.##.# ##.#...###⌠....⌠#
.##.# ##.#.## ##8#.### .##.#
##)## ##### o##.# ##.##
##..# o##.# #..###...# .##.#
#########...#.#..# ....#
##.........W#..#..#
..o####.....####@###.#..#
............# #†# #.#..#
#..####.....# #.# #.#..#
...........## #.###B#..#
..........######........#
......)#................#
####
..###...#.##########.####
#... ..# ##...............#
#.## ..# ##.....##########
#.#


You could see Fluffy's ghost.

Vanquished Creatures
  2 ogres (D:4)
  A centaur skeleton (D:4)
  6 adders
  6 worms
  3 giant geckos (D:2)
  2 oozes
  4 orcs
  7 bats
  2 giant cockroaches (D:3)
  5 hobgoblins
  9 kobolds
  A quokka (D:2)
  2 giant newts
  10 goblins
  8 jackals
  9 rats
77 creatures vanquished.

Notes
Turn   | Place    | Note
--------------------------------------------------------------
     0 | D:1      | karlm, the Naga Gladiator, began the quest for the Orb.
     0 | D:1      | Reached XP level 1. HP: 19/19 MP: 1/1
   399 | D:1      | Reached XP level 2. HP: 26/26 MP: 2/2
   906 | D:2      | Reached skill level 1 in Stealth
  1085 | D:2      | Reached XP level 3. HP: 17/33 MP: 3/3
  1630 | D:2      | Reached XP level 4. HP: 15/40 MP: 4/4
  2737 | D:3      | Reached skill level 4 in Axes
  2752 | D:3      | Reached XP level 5. HP: 35/49 MP: 5/5
  2965 | D:3      | Reached skill level 1 in Armour
  2969 | D:3      | Noticed Fluffy's ghost (average HOFi)
  3790 | D:3      | Found an ancient bone altar of Kikubaaqudgha.
  3863 | D:3      | Found a basalt altar of Yredelemnul.
  3961 | D:4      | Noticed an ogre
  3995 | D:4      | Noticed an ogre
  4026 | D:4      | Killed an ogre
  4026 | D:4      | Reached XP level 6. HP: 29/56 MP: 6/6
  4273 | D:4      | Killed an ogre
  4367 | D:4      | Noticed graspee's ghost (average KoHu)
  4424 | D:3      | Mangled by Fluffy's ghost

Action                   |  1- 3 |  4- 6 || total
-------------------------+-------+-------++-------
Melee: War axe           |   100 |   207 ||   307
Throw: Stone             |       |     6 ||     6
  Use: Scroll            |       |     7 ||     7
  Eat: Chunk             |     2 |     9 ||    11
